 Dungeon Crawl Stone Soup version 0.25.1-2-g60ff931df9 (webtiles) character file.

Game seed: 10116699084573347094

102 Maadim the Shield-Bearer (level 5, 0/42 HPs)
             Began as a Formicid Fighter on Sept 7, 2020.
             Succumbed to an orc wizard's poison
             ... on level 3 of the Dungeon.
             The game lasted 00:02:41 (2045 turns).

Maadim the Shield-Bearer (Formicid Fighter)         Turns: 2045, Time: 00:02:42

Health: 0/42       AC:  8    Str: 21    XL:     5   Next: 6%
Magic:  5/5        EV:  8    Int:  8    God:
Gold:   54         SH:  9    Dex: 10    Spells: 4/4 levels left

rFire    . . .     SeeInvis +   a - +0 war axe
rCold    . . .     Gourm    .   c - +0 kite shield
rNeg     . . .     Faith    .   b - +0 scale mail
rPois    .         Spirit   .   (helmet unavailable)
rElec    .         Reflect  .   n - +0 cloak
rCorr    .         Harm     .   (no gloves)
MR       .....                  (no boots)
Stlth    ..........             (no amulet)
HPRegen  0.14/turn              (no ring)
MPRegen  0.09/turn              (no ring)

@: mighty, lethally poisoned (0 -> -30)
A: permanent stasis, dig shafts and tunnels, four strong arms, antennae 3
a: Dig, Shaft Self


You were on level 3 of the Dungeon.
You were not hungry.

You visited 1 branch of the dungeon, and saw 3 of its levels.

You collected 54 gold pieces.

Inventory:

Hand Weapons
 a - a +0 war axe (weapon)
Armour
 b - a +0 scale mail (worn)
 c - a +0 kite shield (worn)
 n - a +0 cloak (worn)
Scrolls
 e - a scroll of fog {unknown}
 g - a scroll of immolation {unknown}
 i - 2 scrolls of remove curse {unknown}
 j - 3 scrolls of identify {unknown}
 k - a scroll of teleportation {unknown}
 l - a scroll of magic mapping {unknown}
Potions
 m - a potion of heal wounds {unknown}
Comestibles
 f - 2 rations
 h - 3 chunks of flesh


   Skills:
 * Level 3.7 Fighting
 * Level 3.5 Axes
 * Level 3.9 Armour
 * Level 4.4 Shields


You had 4 spell levels left.
You didn't know any spells.
Your spell library was empty.

Dungeon Overview and Level Annotations

Branches:
Dungeon (3/15)

Altars:


Innate Abilities, Weirdness & Mutations

You cannot be hasted, slowed, berserked, paralysed or teleported.
You can dig through walls and to a lower floor.
Your four strong arms can wield two-handed weapons with a shield.
You have a pair of large antennae on your head. (SInv)


Message History

You are more poisoned.
You hit the orc wizard.
The orc wizard is heavily wounded.
* * * LOW HITPOINT WARNING * * *
You feel very sick.
The orc wizard hits you with a +0 dagger of venom.
* * * LOW HITPOINT WARNING * * *
The orc wizard barely misses you.
You closely miss the orc wizard.
The orc wizard is heavily wounded.
* * * LOW HITPOINT WARNING * * *
You feel very sick. The orc wizard closely misses you.
You feel very mighty all of a sudden.
* * * LOW HITPOINT WARNING * * *
You feel very sick. You block the orc wizard's attack.
Your scale mail prevents you from hitting the orc wizard.
The orc wizard is heavily wounded.
You die...

.....#####..........#
#.#.# #.###.##...#
#.#. #)# #.### .# #
#. #.# #...#..# #.#
#.#.#..# #.# #.#.#..#
#.###......#
#.........##
#######@### #o#


.oo ..... #...... #.....## #..=..# ####### You could see an orc priest, an orc
wizard (invisible) and an orc.

Vanquished Creatures
  2 adders (D:2)
  3 worms
  A dart slug (D:1)
  3 leopard geckos (D:1)
  4 orcs (D:3)
  2 bats (D:1)
  2 giant cockroaches (D:1)
  4 hobgoblins
  8 jackals
  A quokka (D:2)
  A ball python (D:2)
  2 frilled lizards
  5 goblins
  3 kobolds
  5 rats
46 creatures vanquished.

Vanquished Creatures (others)
  An orc wizard (D:3)
1 creature vanquished.

Grand Total: 47 creatures vanquished

Notes
Turn   | Place    | Note
-------+----------+-------------------------------------------
     0 | D:1      | Maadim the Formicid Fighter began the quest for the Orb.
     0 | D:1      | Reached XP level 1. HP: 18/18 MP: 1/1
   210 | D:1      | Reached XP level 2. HP: 22/24 MP: 2/2
   506 | D:1      | Reached skill level 4 in Shields
   513 | D:1      | Reached XP level 3. HP: 29/29 MP: 3/3
  1327 | D:2      | Reached XP level 4. HP: 22/36 MP: 4/4
  2034 | D:3      | Reached XP level 5. HP: 29/42 MP: 5/5
  2045 | D:3      | Succumbed to an orc wizard's poison

Illustrated notes

Levels and vault maps discovered:
D:1:      dpeg_arrival_simpleton_c, layout_loops_ring
D:2:      layout_loops_ring, minmay_cupped
D:3:      layout_loops_corners, chequers_temple_overflow_statue_of_worship,
          gup_sewer_entry_pipe, first_ration,
          nicolae_ru_great_annihilating_truth, uniq_natasha

Skill      XL: |  1  2  3  4 |
---------------+-------------+-----
Shields        | 4 |  4.4
Axes           | 3 |  3.5
Fighting       | |  3.7
Armour         | |  3.9

Action                   |  1- 3 |  4- 6 || total
-------------------------+-------+-------++-------
Melee: War axe           |   121 |    52 ||   173
  Use: Potion            |       |     1 ||     1
  Eat: Chunk             |     2 |     2 ||     4
Armor: Scale mail        |    54 |    17 ||    71
Dodge: Dodged            |    37 |    16 ||    53
Block: Kite shield       |    74 |    16 ||    90
